 Dungeon Sprint DCSS version 0.30-a0-187-gd9c2deaf24 (webtiles) character file.

Game seed: 7496704074469046017

3600000 ytrimaz the Slayer (level 22, -29/198 HPs)
             Began as a Demonspawn Monk on Oct 3, 2022.
             Was the Champion of Makhleb.
             Annihilated by a destroyer
             ... wielding a +9 vorpal great sword
              (49 damage)
             ... in the Dungeon (Sprint VIII: "Arena of Blood").
             The game lasted 00:01:19 (36 turns).

ytrimaz the Slayer (Demonspawn Monk)                  Turns: 36, Time: 00:01:20

Health: -29/198    AC:  6    Str: 14    XL:     22   Next: 27%
Magic:  42/42      EV: 36    Int: 12    God:    Makhleb [******]
Gold:   0          SH:  0    Dex: 24    Spells: 53/53 levels left

rFire   . . .      SeeInvis .    i - +∞ Axe of Woe
rCold   . . .      Faith    .    (shield currently unavailable)
rNeg    . . .      Spirit   .    a - +0 robe
rPois   .          Reflect  .    (no helmet)
rElec   .          Harm     .    (no cloak)
rCorr   .          Rampage  .    (no gloves)
Will    ++...      NoTele   +    (boots unavailable)
Stlth   +++++++++.               (no amulet)
HPRegen 0.53/turn                (no ring)
MPRegen 0.28/turn                (no ring)

@: mighty, agile
A: hooves 3, demonic guardian 3, powered by pain 2, torment resistance 1, sharp
scales 3, demonic willpower
a: Renounce Religion, Minor Destruction, Lesser Servant of Makhleb, Major
Destruction, Greater Servant of Makhleb


You were in the Dungeon.
You worshipped Makhleb.
Makhleb was exalted by your worship.
You visited 1 branch


Innate Abilities, Weirdness & Mutations

You have hooves in place of feet.
A powerful demonic guardian rushes to your aid.
You sometimes gain power by taking damage.
You are resistant to unholy torment.
You are completely covered in razor-sharp scales. (AC +3, Slay +3)
You punish those that try to bend your will. (Will+)


   Skills:
 + Level 22.4 Fighting
 + Level 16.0(18.7) Short Blades
 + Level 16.0(18.7) Long Blades
 + Level 16.1(21.0) Axes
 + Level 16.0(20.9) Maces & Flails
 + Level 15.9(20.9) Polearms
 + Level 16.1(20.9) Staves
 + Level 16.0 Ranged Weapons
 + Level 16.1 Throwing
 + Level 16.0 Armour
 + Level 20.8 Dodging
 + Level 22.3 Stealth
 + Level 16.1 Shields
 + Level 20.7 Unarmed Combat
 + Level 16.0 Spellcasting
 + Level 17.3 Conjurations
 + Level 17.3 Hexes
 + Level 17.4 Summonings
 + Level 18.7 Necromancy
 + Level 16.0 Translocations
 + Level 16.1 Transmutations
 + Level 16.0 Fire Magic
 + Level 15.9 Ice Magic
 + Level 16.1 Air Magic
 + Level 15.9 Earth Magic
 + Level 17.4 Poison Magic
 + Level 21.9 Invocations
 + Level 17.4 Evocations


You had 53 spell levels left.
You didn't know any spells.
Your spell library was empty.

Inventory:

Hand Weapons
 i - the +∞ Axe of Woe (weapon)
   (You found it in the Dungeon)
Armour
 a - a +0 robe (worn)
Scrolls
 h - a scroll of blinking
Potions
 b - a potion of ambrosia
 c - a potion of curing
 d - a potion of heal wounds
 e - a potion of haste
 f - 2 potions of magic
 g - a potion of berserk rage

Dungeon Overview and Level Annotations

Branches:
Dungeon (1/1) Zot: 27000

Altars:
Makhleb .........z. .oo

.......§. ......
#...V...# ..oo..
#......o# ......
.###......o###......
......###V§)§.......
......._○☼°oz.......
....#...))#)§.....#.
. #_.<._#.@O...z..
#.....#..V...#.#
....._.....z...o..
......###........o#.
.###.. ....###......
#.......# ......
#..o....# ......
....o.... ...O..


You could see 3 destroyers, 3 sculptors of flesh, 2 meat berserkers and 9 bags
of meat.


Message History

Your Stealth skill increases to level 22!
Your Summonings skill increases to level 17!
Your Necromancy skill increases to level 18!
Your Poison Magic skill increases to level 17!
Your Invocations skill increases to level 21!
Your Evocations skill increases to level 17!
You have reached level 22!
Your demonic ancestry asserts itself...
You feel a strange anaesthesia. 😕 HP[-13]
You now have 196 max hp (+8).
You take 13 damage, and now have 163/196 hp.
Unknown command.
You slice the sculptor of flesh!!
You slaughter the sculptor of flesh joyfully.
You destroy the sculptor of flesh!
Makhleb accepts your kill.
You feel better.
The destroyer appears out of thin air!
A destroyer comes into view. It is wielding a +9 vorpal great sword.
You are engulfed in blazing flames.
The meat berserker rages.
You hear a shout! x2
The bag of meat is engulfed in blazing flames. x2
You hear a shout! x5
The destroyer points at you and mumbles some strange words.
The destroyer blinks!
Your Conjurations skill increases to level 17!
Your Hexes skill increases to level 17! 😕 HP[+4]
You regained 4 hp, and now have 167/196 hp. 2 bags of meat come into view.
You hear a shout!
A sculptor of flesh comes into view. It is wielding a +9 great sword.
You hear a shout!
The bag of meat is engulfed in blazing flames.
The bag of meat hits you with a +9 war axe!
You focus on the pain.
You feel your power returning. The bag of meat closely misses you.
The bag of meat is engulfed in blazing flames.
You hear a shout!
A bag of meat comes into view. It is wielding a +9 war axe. x3
You hear a shout!
The destroyer casts a spell at you.
The destroyer blinks!
You hear a shout!
The bag of meat moves out of view.
Items here: )))))))))) ========== †††††††. 😕 HP[-16] MP[+9]
You take 16 damage, and now have 151/196 hp.
Your mp is fully restored (41).
Unknown command.
The destroyer shouts!
You slice the bag of meat!!
You fatally mangle the bag of meat.
You kill the bag of meat!
Makhleb accepts your kill.
You feel better.
You slice the bag of meat!!
You butcher the bag of meat messily.
You kill the bag of meat!
Makhleb accepts your kill.
You feel better.
You slice the bag of meat!!
You cleave the bag of meat in twain.
You kill the bag of meat!
Makhleb accepts your kill.
You hear a shout! x2
The bag of meat is engulfed in blazing flames.
The destroyer points at you and mumbles some strange words.
The destroyer blinks!
The meat berserker rages.
A bag of meat comes into view. It is wielding a +9 war axe.
You hear a shout! x2
Your base Short Blades skill increases to level 16!
Your base Long Blades skill increases to level 16!
Your base Axes skill increases to level 16!
Your base Maces & Flails skill increases to level 16!
Your base Staves skill increases to level 16!
Your Ranged Weapons skill increases to level 16!
Your Throwing skill increases to level 16!
Your Armour skill increases to level 16!
Your Shields skill increases to level 16!
Your Spellcasting skill increases to level 16!
Your Translocations skill increases to level 16!
Your Transmutations skill increases to level 16!
Your Fire Magic skill increases to level 16!
Your Air Magic skill increases to level 16! 😎 HP[+47]
You now have 198 max hp (+2).
Your hp is fully restored (198).
Unknown command.
Unknown command. 2 bags of meat come into view.
The meat berserker completely misses you.
You hear a shout!
A meat berserker comes into view. It is wielding a +9 battleaxe.
You hear a shout!
The destroyer hits you with a +9 vorpal great sword!!!!!
Ouch! That really hurt!
* * * LOW HITPOINT WARNING * * *
You focus on the pain.
You feel mightier all of a sudden.
You die...

Skill      XL: |  1  2  3  4  5  6  7  8  9 10 11 12 13 14 15 16 17 18 19 20 21 22 |
---------------+-------------------------------------------------------------------+-----
Fighting       | 15 16 17 18 19 20 21 22 | 22.4
Dodging        | 14 15 16 17 18 19 20 | 20.8
Stealth        | 15 16 17 18 19 20 21 22 | 22.3
Unarmed Combat | 14 15 16 17 18 19 20 | 20.7
Short Blades   | 2 4 7 9 10 12 13 14 15 16 | 16.0
Long Blades    | 2 4 7 9 10 12 13 14 15 16 | 16.0
Axes           | 2 3 4 7 9 11 12 13 14 15 16 | 16.1
Maces & Flails | 2 3 4 7 9 10 12 13 14 15 16 | 16.0
Polearms       | 2 3 4 7 9 10 12 13 14 15 | 15.9
Staves         | 2 4 7 8 9 11 12 13 14 15 16 | 16.1
Ranged Weapons | 2 3 4 7 9 10 12 13 14 15 16 | 16.0
Throwing       | 2 4 7 9 10 12 13 14 15 16 | 16.1
Armour         | 2 4 7 9 10 12 13 14 15 16 | 16.0
Shields        | 2 4 7 9 10 12 13 14 15 16 | 16.1
Spellcasting   | 1 2 4 7 9 10 11 13 14 15 16 | 16.0
Conjurations   | 2 3 4 7 8 9 11 12 14 15 16 17 | 17.3
Hexes          | 2 3 5 8 10 11 13 14 15 16 17 | 17.3
Summonings     | 2 3 5 7 8 10 11 13 14 15 17 | 17.4
Necromancy     | 2 3 5 8 9 10 12 14 15 16 18 | 18.7
Translocations | 2 3 4 7 9 10 12 13 14 15 16 | 16.0
Transmutations | 2 3 4 7 9 10 12 13 14 15 16 | 16.1
Fire Magic     | 1 2 4 7 9 10 12 13 14 15 16 | 16.0
Ice Magic      | 1 2 4 7 9 10 12 13 14 15 | 15.9
Air Magic      | 2 3 4 7 9 10 12 13 14 15 16 | 16.1
Earth Magic    | 1 3 4 7 9 10 12 13 14 15 | 15.9
Poison Magic   | 2 3 5 7 8 10 11 13 14 15 17 | 17.4
Invocations    | 2 4 6 10 11 12 15 16 18 19 21 | 21.9
Evocations     | 2 3 4 7 8 10 11 13 14 15 17 | 17.4

Action                   |  1- 3 |  4- 6 |  7- 9 | 10-12 | 13-15 | 16-18 | 19-21 | 22-24 || total
-------------------------+-------+-------+-------+-------+-------+-------+-------+-------++-------
Melee: Executioner's axe |     1 |       |       |     2 |     5 |     6 |     6 |     2 ||    22
 Stab: Confused          |       |       |       |       |       |       |     1 |       ||     1
Dodge: Dodged            |       |       |       |     1 |       |     2 |     2 |     2 ||     7

Levels and vault maps discovered:
D:        meatsprint

Notes
Turn   | Place    | Note
-------+----------+-------------------------------------------
     0 | D        | Found the +∞ Axe of Woe
     0 | D        | ytrimaz the Demonspawn Monk began the quest for the Orb.
     0 | D        | Reached XP level 1. HP: 18/18 MP: 1/1
     0 | D        | magus.rc [v1.9.6]
     1 | D        | Noticed a bag of meat
     1 | D        | Noticed a bag of meat
     2 | D        | Noticed a meat berserker
     3 | D        | Became a worshipper of Makhleb the Destroyer
     3 | D        | Reached * piety under Makhleb
     3 | D        | Reached ** piety under Makhleb
     5 | D        | Killed a meat berserker
     6 | D        | Reached skill level 15 in Fighting
     6 | D        | Reached skill level 14 in Dodging
     6 | D        | Reached skill level 15 in Stealth
     6 | D        | Reached skill level 14 in Unarmed Combat
     6 | D        | Gained mutation: A weak demonic guardian rushes to your
                  | aid. [demonic ancestry]
     6 | D        | Reached XP level 2. HP: 44/44 MP: 2/2
     6 | D        | Reached XP level 3. HP: 50/50 MP: 3/3
     6 | D        | Reached XP level 4. HP: 57/57 MP: 4/4
     6 | D        | Reached XP level 5. HP: 63/63 MP: 5/5
     6 | D        | Gained mutation: A demonic guardian rushes to your aid.
                  | [demonic ancestry]
     6 | D        | Reached XP level 6. HP: 70/70 MP: 6/6
     6 | D        | Reached XP level 7. HP: 76/76 MP: 7/7
     6 | D        | Gained mutation: You sometimes gain a little power by
                  | taking damage. [demonic ancestry]
     6 | D        | Reached XP level 8. HP: 83/83 MP: 8/8
     6 | D        | Gained mutation: You are partially covered in razor-sharp
                  | scales. (AC +1, Slay +1) [demonic ancestry]
     6 | D        | Reached XP level 9. HP: 89/89 MP: 9/9
     6 | D        | Gained mutation: You have large cloven feet. [demonic
                  | ancestry]
     6 | D        | Reached XP level 10. HP: 97/97 MP: 10/10
     6 | D        | Gained mutation: A powerful demonic guardian rushes to your
                  | aid. [demonic ancestry]
     6 | D        | Reached XP level 11. HP: 103/103 MP: 11/11
     7 | D        | Noticed a bag of meat
     7 | D        | Noticed a bag of meat
     8 | D        | Killed a bag of meat
     9 | D        | Reached skill level 2 in Short Blades
     9 | D        | Reached skill level 2 in Long Blades
     9 | D        | Reached skill level 2 in Axes
     9 | D        | Reached skill level 2 in Maces & Flails
     9 | D        | Reached skill level 2 in Polearms
     9 | D        | Reached skill level 2 in Staves
     9 | D        | Reached skill level 2 in Ranged Weapons
     9 | D        | Reached skill level 2 in Throwing
     9 | D        | Reached skill level 2 in Armour
     9 | D        | Reached skill level 2 in Shields
     9 | D        | Reached skill level 1 in Spellcasting
     9 | D        | Reached skill level 2 in Conjurations
     9 | D        | Reached skill level 2 in Hexes
     9 | D        | Reached skill level 2 in Summonings
     9 | D        | Reached skill level 2 in Necromancy
     9 | D        | Reached skill level 2 in Translocations
     9 | D        | Reached skill level 2 in Transmutations
     9 | D        | Reached skill level 1 in Fire Magic
     9 | D        | Reached skill level 1 in Ice Magic
     9 | D        | Reached skill level 2 in Air Magic
     9 | D        | Reached skill level 1 in Earth Magic
     9 | D        | Reached skill level 2 in Poison Magic
     9 | D        | Reached skill level 2 in Invocations
     9 | D        | Reached skill level 2 in Evocations
     9 | D        | Gained mutation: You are mostly covered in razor-sharp
                  | scales. (AC +2, Slay +2) [demonic ancestry]
     9 | D        | Reached XP level 12. HP: 99/110 MP: 11/14
     9 | D        | Noticed a bag of meat
     9 | D        | Killed a bag of meat
     9 | D        | Reached *** piety under Makhleb
    10 | D        | Reached skill level 3 in Axes
    10 | D        | Reached skill level 3 in Maces & Flails
    10 | D        | Reached skill level 3 in Polearms
    10 | D        | Reached skill level 3 in Ranged Weapons
    10 | D        | Reached skill level 2 in Spellcasting
    10 | D        | Reached skill level 3 in Conjurations
    10 | D        | Reached skill level 3 in Hexes
    10 | D        | Reached skill level 3 in Summonings
    10 | D        | Reached skill level 3 in Necromancy
    10 | D        | Reached skill level 3 in Translocations
    10 | D        | Reached skill level 3 in Transmutations
    10 | D        | Reached skill level 2 in Fire Magic
    10 | D        | Reached skill level 2 in Ice Magic
    10 | D        | Reached skill level 3 in Air Magic
    10 | D        | Reached skill level 3 in Earth Magic
    10 | D        | Reached skill level 3 in Poison Magic
    10 | D        | Reached skill level 4 in Invocations
    10 | D        | Reached skill level 3 in Evocations
    10 | D        | Gained mutation: You have hoof-like feet. [demonic
                  | ancestry]
    10 | D        | Reached XP level 13. HP: 117/117 MP: 11/17
    10 | D        | Killed a bag of meat
    10 | D        | Killed a bag of meat
    10 | D        | Noticed a meat berserker
    11 | D        | Reached skill level 16 in Fighting
    11 | D        | Reached skill level 4 in Short Blades
    11 | D        | Reached skill level 4 in Long Blades
    11 | D        | Reached skill level 4 in Axes
    11 | D        | Reached skill level 4 in Maces & Flails
    11 | D        | Reached skill level 4 in Polearms
    11 | D        | Reached skill level 4 in Staves
    11 | D        | Reached skill level 4 in Ranged Weapons
    11 | D        | Reached skill level 4 in Throwing
    11 | D        | Reached skill level 4 in Armour
    11 | D        | Reached skill level 4 in Shields
    11 | D        | Reached skill level 4 in Spellcasting
    11 | D        | Reached skill level 4 in Conjurations
    11 | D        | Reached skill level 4 in Hexes
    11 | D        | Reached skill level 4 in Summonings
    11 | D        | Reached skill level 5 in Necromancy
    11 | D        | Reached skill level 4 in Translocations
    11 | D        | Reached skill level 4 in Transmutations
    11 | D        | Reached skill level 4 in Fire Magic
    11 | D        | Reached skill level 4 in Ice Magic
    11 | D        | Reached skill level 4 in Air Magic
    11 | D        | Reached skill level 4 in Earth Magic
    11 | D        | Reached skill level 4 in Poison Magic
    11 | D        | Reached skill level 5 in Invocations
    11 | D        | Reached skill level 4 in Evocations
    12 | D        | Killed a bag of meat
    12 | D        | Noticed a meat berserker
    12 | D        | Noticed a bag of meat
    13 | D        | Reached skill level 16 in Stealth
    13 | D        | Reached skill level 5 in Hexes
    13 | D        | Reached skill level 5 in Summonings
    13 | D        | Reached skill level 5 in Poison Magic
    13 | D        | Reached skill level 6 in Invocations
    13 | D        | Gained mutation: You sometimes gain power by taking damage.
                  | [demonic ancestry]
    13 | D        | Reached XP level 14. HP: 125/125 MP: 11/20
    13 | D        | Noticed a bag of meat
    14 | D        | Noticed a meat berserker
    14 | D        | Noticed a meat berserker
    14 | D        | Noticed a bag of meat
    14 | D        | Noticed a meat berserker
    16 | D        | Killed a meat berserker
    16 | D        | Reached **** piety under Makhleb
    16 | D        | Noticed a large bag of meat
    16 | D        | Noticed a meat berserker
    16 | D        | Noticed a meat berserker
    16 | D        | Noticed a meat berserker
    17 | D        | Reached skill level 5 in Short Blades
    17 | D        | Reached skill level 5 in Long Blades
    17 | D        | Reached skill level 5 in Axes
    17 | D        | Reached skill level 5 in Maces & Flails
    17 | D        | Reached skill level 5 in Polearms
    17 | D        | Reached skill level 5 in Staves
    17 | D        | Reached skill level 5 in Ranged Weapons
    17 | D        | Reached skill level 5 in Throwing
    17 | D        | Reached skill level 5 in Armour
    17 | D        | Reached skill level 15 in Dodging
    17 | D        | Reached skill level 5 in Shields
    17 | D        | Reached skill level 15 in Unarmed Combat
    17 | D        | Reached skill level 5 in Spellcasting
    17 | D        | Reached skill level 5 in Conjurations
    17 | D        | Reached skill level 6 in Hexes
    17 | D        | Reached skill level 6 in Necromancy
    17 | D        | Reached skill level 5 in Translocations
    17 | D        | Reached skill level 5 in Transmutations
    17 | D        | Reached skill level 5 in Fire Magic
    17 | D        | Reached skill level 5 in Ice Magic
    17 | D        | Reached skill level 5 in Air Magic
    17 | D        | Reached skill level 5 in Earth Magic
    17 | D        | Reached skill level 6 in Poison Magic
    17 | D        | Reached skill level 7 in Invocations
    17 | D        | Reached skill level 5 in Evocations
    17 | D        | Killed a meat berserker
    17 | D        | Killed a meat berserker
    17 | D        | Killed a meat berserker
    17 | D        | Noticed a meat berserker
    17 | D        | Noticed a bag of meat
    18 | D        | Reached skill level 17 in Fighting
    18 | D        | Reached skill level 7 in Short Blades
    18 | D        | Reached skill level 7 in Long Blades
    18 | D        | Reached skill level 7 in Axes
    18 | D        | Reached skill level 7 in Maces & Flails
    18 | D        | Reached skill level 7 in Polearms
    18 | D        | Reached skill level 7 in Staves
    18 | D        | Reached skill level 7 in Ranged Weapons
    18 | D        | Reached skill level 7 in Throwing
    18 | D        | Reached skill level 7 in Armour
    18 | D        | Reached skill level 7 in Shields
    18 | D        | Reached skill level 7 in Spellcasting
    18 | D        | Reached skill level 7 in Conjurations
    18 | D        | Reached skill level 8 in Hexes
    18 | D        | Reached skill level 7 in Summonings
    18 | D        | Reached skill level 8 in Necromancy
    18 | D        | Reached skill level 7 in Translocations
    18 | D        | Reached skill level 7 in Transmutations
    18 | D        | Reached skill level 7 in Fire Magic
    18 | D        | Reached skill level 7 in Ice Magic
    18 | D        | Reached skill level 7 in Air Magic
    18 | D        | Reached skill level 7 in Earth Magic
    18 | D        | Reached skill level 7 in Poison Magic
    18 | D        | Reached skill level 10 in Invocations
    18 | D        | Reached skill level 7 in Evocations
    18 | D        | Reached XP level 15. HP: 116/134 MP: 20/25
    18 | D        | Killed a meat berserker
    18 | D        | Reached ***** piety under Makhleb
    19 | D        | Reached skill level 8 in Staves
    19 | D        | Reached skill level 16 in Dodging
    19 | D        | Reached skill level 17 in Stealth
    19 | D        | Reached skill level 16 in Unarmed Combat
    19 | D        | Reached skill level 8 in Conjurations
    19 | D        | Reached skill level 8 in Summonings
    19 | D        | Reached skill level 9 in Necromancy
    19 | D        | Reached skill level 8 in Poison Magic
    19 | D        | Reached skill level 11 in Invocations
    19 | D        | Reached skill level 8 in Evocations
    19 | D        | Gained mutation: You are completely covered in razor-sharp
                  | scales. (AC +3, Slay +3) [demonic ancestry]
    19 | D        | Reached XP level 16. HP: 139/141 MP: 21/27
    19 | D        | Noticed a large bag of meat
    19 | D        | Killed a meat berserker
    19 | D        | Killed a large bag of meat
    19 | D        | HP: 21/141 [meat berserker/+9 battleaxe (64)]
    19 | D        | Noticed a meat berserker
    20 | D        | Reached skill level 8 in Short Blades
    20 | D        | Reached skill level 8 in Long Blades
    20 | D        | Reached skill level 8 in Axes
    20 | D        | Reached skill level 8 in Maces & Flails
    20 | D        | Reached skill level 8 in Polearms
    20 | D        | Reached skill level 8 in Ranged Weapons
    20 | D        | Reached skill level 8 in Throwing
    20 | D        | Reached skill level 8 in Armour
    20 | D        | Reached skill level 8 in Shields
    20 | D        | Reached skill level 8 in Spellcasting
    20 | D        | Reached skill level 9 in Conjurations
    20 | D        | Reached skill level 9 in Hexes
    20 | D        | Reached skill level 9 in Summonings
    20 | D        | Reached skill level 10 in Necromancy
    20 | D        | Reached skill level 8 in Translocations
    20 | D        | Reached skill level 8 in Transmutations
    20 | D        | Reached skill level 8 in Fire Magic
    20 | D        | Reached skill level 8 in Ice Magic
    20 | D        | Reached skill level 8 in Air Magic
    20 | D        | Reached skill level 8 in Earth Magic
    20 | D        | Reached skill level 9 in Poison Magic
    20 | D        | Reached skill level 12 in Invocations
    20 | D        | Reached skill level 9 in Evocations
    20 | D        | Killed a meat berserker
    20 | D        | Noticed a destroyer
    20 | D        | Noticed a meat berserker
    21 | D        | Reached skill level 18 in Fighting
    21 | D        | Reached skill level 9 in Short Blades
    21 | D        | Reached skill level 9 in Long Blades
    21 | D        | Reached skill level 9 in Axes
    21 | D        | Reached skill level 9 in Maces & Flails
    21 | D        | Reached skill level 9 in Polearms
    21 | D        | Reached skill level 9 in Staves
    21 | D        | Reached skill level 9 in Ranged Weapons
    21 | D        | Reached skill level 9 in Throwing
    21 | D        | Reached skill level 9 in Armour
    21 | D        | Reached skill level 9 in Shields
    21 | D        | Reached skill level 9 in Spellcasting
    21 | D        | Reached skill level 10 in Hexes
    21 | D        | Reached skill level 10 in Summonings
    21 | D        | Reached skill level 9 in Translocations
    21 | D        | Reached skill level 9 in Transmutations
    21 | D        | Reached skill level 9 in Fire Magic
    21 | D        | Reached skill level 9 in Ice Magic
    21 | D        | Reached skill level 9 in Air Magic
    21 | D        | Reached skill level 9 in Earth Magic
    21 | D        | Reached skill level 10 in Poison Magic
    21 | D        | Reached skill level 10 in Evocations
    21 | D        | Gained mutation: You have hooves in place of feet. [demonic
                  | ancestry]
    21 | D        | Reached XP level 17. HP: 41/149 MP: 27/30
    21 | D        | Noticed a meat berserker
    24 | D        | Reached skill level 10 in Conjurations
    24 | D        | Reached skill level 11 in Necromancy
    24 | D        | Killed a meat berserker
    24 | D        | Reached ****** piety under Makhleb
    24 | D        | Killed a meat berserker
    24 | D        | Killed a large bag of meat
    24 | D        | Noticed a meat berserker
    24 | D        | Noticed an eight-headed meat hydra
    24 | D        | Noticed a sculptor of flesh
    25 | D        | Reached skill level 19 in Fighting
    25 | D        | Reached skill level 10 in Short Blades
    25 | D        | Reached skill level 10 in Long Blades
    25 | D        | Reached skill level 11 in Axes
    25 | D        | Reached skill level 10 in Maces & Flails
    25 | D        | Reached skill level 10 in Polearms
    25 | D        | Reached skill level 11 in Staves
    25 | D        | Reached skill level 10 in Ranged Weapons
    25 | D        | Reached skill level 10 in Throwing
    25 | D        | Reached skill level 10 in Armour
    25 | D        | Reached skill level 17 in Dodging
    25 | D        | Reached skill level 18 in Stealth
    25 | D        | Reached skill level 10 in Shields
    25 | D        | Reached skill level 17 in Unarmed Combat
    25 | D        | Reached skill level 10 in Spellcasting
    25 | D        | Reached skill level 11 in Conjurations
    25 | D        | Reached skill level 11 in Hexes
    25 | D        | Reached skill level 11 in Summonings
    25 | D        | Reached skill level 12 in Necromancy
    25 | D        | Reached skill level 10 in Translocations
    25 | D        | Reached skill level 10 in Transmutations
    25 | D        | Reached skill level 10 in Fire Magic
    25 | D        | Reached skill level 10 in Ice Magic
    25 | D        | Reached skill level 10 in Air Magic
    25 | D        | Reached skill level 10 in Earth Magic
    25 | D        | Reached skill level 11 in Poison Magic
    25 | D        | Reached skill level 15 in Invocations
    25 | D        | Reached skill level 11 in Evocations
    25 | D        | Reached XP level 18. HP: 102/160 MP: 30/32
    25 | D        | Noticed a meat berserker
    25 | D        | Noticed a destroyer
    26 | D        | Reached skill level 11 in Short Blades
    26 | D        | Reached skill level 11 in Long Blades
    26 | D        | Reached skill level 11 in Maces & Flails
    26 | D        | Reached skill level 11 in Polearms
    26 | D        | Reached skill level 11 in Ranged Weapons
    26 | D        | Reached skill level 11 in Throwing
    26 | D        | Reached skill level 11 in Armour
    26 | D        | Reached skill level 18 in Dodging
    26 | D        | Reached skill level 19 in Stealth
    26 | D        | Reached skill level 11 in Shields
    26 | D        | Reached skill level 11 in Spellcasting
    26 | D        | Reached skill level 12 in Conjurations
    26 | D        | Reached skill level 12 in Hexes
    26 | D        | Reached skill level 12 in Summonings
    26 | D        | Reached skill level 13 in Necromancy
    26 | D        | Reached skill level 11 in Translocations
    26 | D        | Reached skill level 11 in Transmutations
    26 | D        | Reached skill level 11 in Fire Magic
    26 | D        | Reached skill level 11 in Ice Magic
    26 | D        | Reached skill level 11 in Air Magic
    26 | D        | Reached skill level 11 in Earth Magic
    26 | D        | Reached skill level 12 in Poison Magic
    26 | D        | Reached skill level 16 in Invocations
    26 | D        | Reached skill level 12 in Evocations
    26 | D        | Killed a destroyer
    26 | D        | Noticed a large bag of meat
    26 | D        | Noticed a destroyer
    27 | D        | Reached skill level 12 in Short Blades
    27 | D        | Reached skill level 12 in Long Blades
    27 | D        | Reached skill level 12 in Axes
    27 | D        | Reached skill level 12 in Maces & Flails
    27 | D        | Reached skill level 12 in Polearms
    27 | D        | Reached skill level 12 in Staves
    27 | D        | Reached skill level 12 in Ranged Weapons
    27 | D        | Reached skill level 12 in Throwing
    27 | D        | Reached skill level 12 in Armour
    27 | D        | Reached skill level 12 in Shields
    27 | D        | Reached skill level 18 in Unarmed Combat
    27 | D        | Reached skill level 13 in Hexes
    27 | D        | Reached skill level 13 in Summonings
    27 | D        | Reached skill level 14 in Necromancy
    27 | D        | Reached skill level 12 in Translocations
    27 | D        | Reached skill level 12 in Transmutations
    27 | D        | Reached skill level 12 in Fire Magic
    27 | D        | Reached skill level 12 in Ice Magic
    27 | D        | Reached skill level 12 in Air Magic
    27 | D        | Reached skill level 12 in Earth Magic
    27 | D        | Reached skill level 13 in Poison Magic
    27 | D        | Reached skill level 13 in Evocations
    27 | D        | Gained mutation: You punish those that try to bend your
                  | will. (Will+) [demonic ancestry]
    27 | D        | Reached XP level 19. HP: 103/168 MP: 30/34
    27 | D        | Noticed a destroyer
    27 | D        | Noticed a destroyer
    27 | D        | Killed a meat berserker
    28 | D        | Reached skill level 20 in Fighting
    28 | D        | Reached skill level 12 in Spellcasting
    28 | D        | Reached skill level 13 in Conjurations
    28 | D        | Reached skill level 17 in Invocations
    28 | D        | Killed a destroyer
    29 | D        | Reached skill level 13 in Short Blades
    29 | D        | Reached skill level 13 in Long Blades
    29 | D        | Reached skill level 13 in Axes
    29 | D        | Reached skill level 13 in Maces & Flails
    29 | D        | Reached skill level 13 in Polearms
    29 | D        | Reached skill level 13 in Staves
    29 | D        | Reached skill level 13 in Ranged Weapons
    29 | D        | Reached skill level 13 in Throwing
    29 | D        | Reached skill level 13 in Armour
    29 | D        | Reached skill level 19 in Dodging
    29 | D        | Reached skill level 20 in Stealth
    29 | D        | Reached skill level 13 in Shields
    29 | D        | Reached skill level 13 in Spellcasting
    29 | D        | Reached skill level 14 in Conjurations
    29 | D        | Reached skill level 14 in Hexes
    29 | D        | Reached skill level 14 in Summonings
    29 | D        | Reached skill level 15 in Necromancy
    29 | D        | Reached skill level 13 in Translocations
    29 | D        | Reached skill level 13 in Transmutations
    29 | D        | Reached skill level 13 in Fire Magic
    29 | D        | Reached skill level 13 in Ice Magic
    29 | D        | Reached skill level 13 in Air Magic
    29 | D        | Reached skill level 13 in Earth Magic
    29 | D        | Reached skill level 14 in Poison Magic
    29 | D        | Reached skill level 18 in Invocations
    29 | D        | Reached skill level 14 in Evocations
    29 | D        | Reached XP level 20. HP: 155/178 MP: 31/37
    29 | D        | Killed a meat berserker
    29 | D        | Killed a meat berserker
    29 | D        | Killed a destroyer
    29 | D        | Killed a meat berserker
    30 | D        | Reached skill level 21 in Fighting
    30 | D        | Reached skill level 14 in Short Blades
    30 | D        | Reached skill level 14 in Long Blades
    30 | D        | Reached skill level 14 in Axes
    30 | D        | Reached skill level 14 in Maces & Flails
    30 | D        | Reached skill level 14 in Polearms
    30 | D        | Reached skill level 14 in Staves
    30 | D        | Reached skill level 14 in Ranged Weapons
    30 | D        | Reached skill level 14 in Throwing
    30 | D        | Reached skill level 14 in Armour
    30 | D        | Reached skill level 21 in Stealth
    30 | D        | Reached skill level 14 in Shields
    30 | D        | Reached skill level 19 in Unarmed Combat
    30 | D        | Reached skill level 14 in Spellcasting
    30 | D        | Reached skill level 15 in Conjurations
    30 | D        | Reached skill level 15 in Hexes
    30 | D        | Reached skill level 15 in Summonings
    30 | D        | Reached skill level 16 in Necromancy
    30 | D        | Reached skill level 14 in Translocations
    30 | D        | Reached skill level 14 in Transmutations
    30 | D        | Reached skill level 14 in Fire Magic
    30 | D        | Reached skill level 14 in Ice Magic
    30 | D        | Reached skill level 14 in Air Magic
    30 | D        | Reached skill level 14 in Earth Magic
    30 | D        | Reached skill level 15 in Poison Magic
    30 | D        | Reached skill level 19 in Invocations
    30 | D        | Reached skill level 15 in Evocations
    30 | D        | Reached XP level 21. HP: 138/186 MP: 31/39
    31 | D        | Reached skill level 17 in Necromancy
    31 | D        | Reached skill level 20 in Invocations
    31 | D        | Noticed a destroyer
    31 | D        | Killed a destroyer
    32 | D        | Reached skill level 15 in Short Blades
    32 | D        | Reached skill level 15 in Long Blades
    32 | D        | Reached skill level 15 in Axes
    32 | D        | Reached skill level 15 in Maces & Flails
    32 | D        | Reached skill level 15 in Polearms
    32 | D        | Reached skill level 15 in Staves
    32 | D        | Reached skill level 15 in Ranged Weapons
    32 | D        | Reached skill level 15 in Throwing
    32 | D        | Reached skill level 15 in Armour
    32 | D        | Reached skill level 20 in Dodging
    32 | D        | Reached skill level 15 in Shields
    32 | D        | Reached skill level 20 in Unarmed Combat
    32 | D        | Reached skill level 15 in Spellcasting
    32 | D        | Reached skill level 16 in Conjurations
    32 | D        | Reached skill level 16 in Hexes
    32 | D        | Reached skill level 16 in Summonings
    32 | D        | Reached skill level 15 in Translocations
    32 | D        | Reached skill level 15 in Transmutations
    32 | D        | Reached skill level 15 in Fire Magic
    32 | D        | Reached skill level 15 in Ice Magic
    32 | D        | Reached skill level 15 in Air Magic
    32 | D        | Reached skill level 15 in Earth Magic
    32 | D        | Reached skill level 16 in Poison Magic
    32 | D        | Reached skill level 16 in Evocations
    32 | D        | Killed a large bag of meat
    33 | D        | Reached skill level 22 in Fighting
    33 | D        | Reached skill level 22 in Stealth
    33 | D        | Reached skill level 17 in Summonings
    33 | D        | Reached skill level 18 in Necromancy
    33 | D        | Reached skill level 17 in Poison Magic
    33 | D        | Reached skill level 21 in Invocations
    33 | D        | Reached skill level 17 in Evocations
    33 | D        | Gained mutation: You are resistant to unholy torment.
                  | [demonic ancestry]
    33 | D        | Reached XP level 22. HP: 163/196 MP: 32/41
    34 | D        | Reached skill level 17 in Conjurations
    34 | D        | Reached skill level 17 in Hexes
    34 | D        | Noticed a destroyer
    36 | D        | Reached skill level 16 in Short Blades
    36 | D        | Reached skill level 16 in Long Blades
    36 | D        | Reached skill level 16 in Axes
    36 | D        | Reached skill level 16 in Maces & Flails
    36 | D        | Reached skill level 16 in Staves
    36 | D        | Reached skill level 16 in Ranged Weapons
    36 | D        | Reached skill level 16 in Throwing
    36 | D        | Reached skill level 16 in Armour
    36 | D        | Reached skill level 16 in Shields
    36 | D        | Reached skill level 16 in Spellcasting
    36 | D        | Reached skill level 16 in Translocations
    36 | D        | Reached skill level 16 in Transmutations
    36 | D        | Reached skill level 16 in Fire Magic
    36 | D        | Reached skill level 16 in Air Magic
    36 | D        | HP: 20/198 [destroyer/+9 vorpal great sword (178)]
    36 | D        | Annihilated by a destroyer

Vanquished Creatures
  4 vampire knights (D)
  15 ogres (D)
  3 two-headed ogres (D)
  A hydra (D)
  29 orcs (D)
  2 skeletal warriors (D)
54 creatures vanquished.

Table legend:
 A = Non-vault XP
 B = Vault XP
 C = Vault XP percentage of total XP
 D = Non-vault monster count
 E = Vault monster count
 F = Vault count percentage of total count
                 A         B        C        D         E       F
            +---------+---------+-------+---------+---------+-------
      Total |  388346 |  355060 |  47.8 |      24 |      30 |  55.6
            +---------+---------+-------+---------+---------+-------
          D |  388346 |  355060 |  47.8 |      24 |      30 |  55.6
            +---------+---------+-------+---------+---------+-------

Illustrated notes

Table legend:
 A = Kills in this place as a percentage of kills in entire the game.
 B = Kills by you in this place as a percentage of kills by you in the entire game.
 C = Kills by friends in this place as a percentage of kills by friends in the entire game.
 D = Other kills in this place as a percentage of other kills in the entire game.
 E = Experience gained in this place as a percentage of experience gained in the entire game.
 F = Experience gained in this place divided by the number of levels of this place that you have seen.
                   A       B       C       D       E      F
               +-------+-------+-------+-------+-------+----------------------
         Total | 100.0 | 100.0 |   N/A |   N/A | 100.0 | 743406.0
       Dungeon | 100.0 | 100.0 |   N/A |   N/A | 100.0 | 743406.0
               +-------+-------+-------+-------+-------+----------------------

Table legend: (Time is in decaauts)
 A = Elapsed time spent in this place.
 B = Non-inter-level travel time spent in this place.
 C = Inter-level travel time spent in this place.
 D = Time resting spent in this place.
 E = Time spent auto-exploring this place.
 F = Levels seen in this place.
 G = Mean time per level.
                   A        B        C        D        E       F      G
               +--------+--------+--------+--------+--------+-----+--------+
         Total |     42 |     42 |      0 |      0 |      0 |   1 |   42.0 |
       Dungeon |     42 |     42 |      0 |      0 |      0 |   1 |   42.0 |
               +--------+--------+--------+--------+--------+-----+--------+

Top non-repeatable levels by time:
       D: 42 daAuts
